 Dungeon Crawl Stone Soup version 0.31-a0-1616-gbeaec30b81 (webtiles) character file.

Game seed: 15679615527907885817

1348 mandarbmax the Grappler (level 8, -5/58 (70) HPs)
             Began as a Troll Shapeshifter on Jan 11, 2024.
             Was a Believer of Okawaru.
             Killed from afar by an acid dragon (29 damage)
             ... with a splash of acid
             ... on level 8 of the Dungeon.
             The game lasted 00:05:50 (4661 turns).

mandarbmax the Grappler (Troll Shapeshifter)        Turns: 4661, Time: 00:05:51

HP:   -5/58 (70)    AC:  4    Str: 25    XL:     8   Next: 36%
MP:   9/9           EV: 10    Int:  6    God:    Okawaru [**....]
Gold: 331           SH:  0    Dex:  9    Spells: 7/7 levels left

rFire   . .          .
                       - Unarmed
rCold   + . .        (no shield)
rNeg    . . .        a - +0 animal skin
rPois   .            (helmet currently unavailable)
rElec   .            (cloak currently unavailable)
rCorr   .            (gloves unavailable)
SInv    .            (boots unavailable)
Will    .....        h - amulet of the acrobat
Stlth   +            j - ring of protection from cold
HPRegen 1.09/turn    (no ring)
MPRegen 0.11/turn

%: acrobat
@: beast-form, heavily drained
A: beast (slay +3), large, unfitting armour, claws 3, regeneration 1, shaggy fur
1, tough skin 1
a: Begin Untransformation, Renounce Religion, Heroism


You were on level 8 of the Dungeon.
You worshipped Okawaru.
Okawaru was pleased with you.
You were a hulking beast.
You visited 1 branch of the dungeon, and saw 8 of its levels.

You collected 331 gold pieces.

Inventory:

Missiles
 m - 6 datura-tipped darts
 n - 4 poisoned darts
 u - 3 boomerangs (quivered)
 x - 2 curare-tipped darts
Armour
 a - a +0 animal skin (worn)
 b - a +0 cloak
Jewellery
 h - an amulet of the acrobat (around neck)
 j - a ring of protection from cold (left claw)
Talismans
 c - a beast talisman
 d - a flux talisman
 g - a blade talisman
Wands
 q - a wand of flame (35)
Scrolls
 e - a scroll of brand weapon
 f - 2 scrolls of teleportation
 i - a scroll of immolation
 k - a scroll of enchant weapon
 l - a scroll of fear
 o - 2 scrolls of fog {unknown}
 r - a scroll of vulnerability
 t - 3 scrolls of enchant armour {unknown}
 y - a scroll of revelation {unknown}
Potions
 p - 2 potions of curing
 s - a potion of mutation {unknown}
 v - a potion of might {unknown}
 w - 4 potions of heal wounds {unknown}
 z - a potion of enlightenment
 A - 2 potions of magic {unknown}
 B - a potion of haste {unknown}


   Skills:
 - Level 1.0 Fighting
 - Level 2.0 Dodging
 * Level 8.3 Unarmed Combat
 + Level 2.9 Invocations
 + Level 5.8 Shapeshifting


You had 7 spell levels left.
You didn't know any spells.
Your spell library contained the following spells:

 Spells                   Type           Power      Damage    Failure   Level
 Lesser Beckoning         Tloc           0%         N/A       58%         2
 Gell's Gravitas          Tloc           0%         N/A       83%         3
 Sigil of Binding         Hex            0%         N/A       83%         3
 Teleport Other           Tloc           0%         N/A       83%         3
 Dimensional Bullseye     Hex/Tloc       0%         N/A       99%         4
 Conjure Ball Lightning   Conj/Air       0%         3x3d6     100%        6
 Discord                  Hex            0%         N/A       100%        8
 Disjunction              Tloc           0%         N/A       100%        8
 Call Canine Familiar     Summ           Unusable   N/A       N/A         3

Dungeon Overview and Level Annotations

Branches:
Dungeon (8/15)             Temple (0/1) D:6
   Lair: D:8-11

Altars:
Okawaru

Shops:
D:1 (

Annotations:
D:8 Jeremiah


Innate Abilities, Weirdness & Mutations

You are a hulking beast.
Your limbs bulge with bestial killing power. (Slay +3)
You are too large for most types of armour.
You have claws for hands.
Your natural rate of healing is unusually fast.
You are covered in fur. (AC +1)
You have tough skin. (AC +1)


Message History

You closely miss the butterfly. You barely miss the butterfly.
Jeremiah hops!
You scratch the butterfly.
You kill the butterfly!
The butterfly disappears in a burst of colours!
You closely miss the butterfly. You mangle the butterfly!!
You kill the butterfly!
The butterfly disappears in a burst of colours!
Jeremiah hops!
You mangle the butterfly!!
You kill the butterfly!
The butterfly disappears in a burst of colours!
You barely miss the butterfly. You closely miss the butterfly.
Jeremiah hits you from afar with a +4 trident of draining!
You feel drained.
The acid dragon roars!
You completely miss the butterfly.
Jeremiah hits you from afar with a +4 trident of draining!
You feel drained.
You mangle the butterfly!!
You kill the butterfly!
The butterfly disappears in a burst of colours!
Jeremiah hits you from afar with a +4 trident of draining.
You feel drained.
You closely miss the acid dragon.
You feel like a meek peon again.
The acid dragon bites you but does no damage.
The acid dragon claws you.
You scratch the acid dragon.
The acid dragon is lightly wounded.
Jeremiah hits you from afar with a +4 trident of draining!
You feel drained.
You claw the acid dragon!
The acid dragon is moderately wounded.
The acid dragon spits acid at you. The splash of acid hits you!!
Ouch! That really hurt!
You die...

#### ###
####..F################..
...bb.bDh........†.))....
.###b.b################.#
#b.. #.# #b.. #.# #...
#.# #... #.# ..## #.# ...
#.. ##.


You could see Jeremiah and an acid dragon (catching breath).

Vanquished Creatures
  2 black bears (D:6)
  A phantom (D:5)
  2 kobold brigands (D:8)
  2 bullfrogs (D:6)
  2 scorpions
  2 gnoll sergeants
  3 howler monkeys (D:8)
  A bombardier beetle (D:3)
  A hound (D:5)
  2 jellies (D:6)
  2 orc wizards (D:6)
  2 iguanas (D:4)
  5 adders
  12 gnolls
  A shadow imp (D:5)
  2 dart slugs
  A ribbon worm (D:3)
  10 orcs
  5 endoplasms
  2 giant cockroaches (D:3)
  6 goblins
  7 hobgoblins
  3 jackals
  17 kobolds
  5 quokkas
  2 ball pythons (D:3)
  5 bats
  A frilled lizard (D:3)
  8 rats
114 creatures vanquished.

Notes
Turn   | Place    | Note
-------+----------+-------------------------------------------
     0 | D:1      | mandarbmax the Troll Shapeshifter began the quest for the
                  | Orb.
     0 | D:1      | Reached XP level 1. HP: 18/18 MP: 0/0
    36 | D:1      | Reached skill level 1 in Fighting
    43 | D:1      | Reached XP level 2. HP: 27/27 MP: 1/1
   236 | D:1      | Reached XP level 3. HP: 33/33 MP: 2/2
   451 | D:1      | Found Jiveh's Antique Weapon Emporium.
   552 | D:2      | Found an iron altar of Okawaru.
   563 | D:2      | Became a worshipper of Warmaster Okawaru
   964 | D:2      | Reached skill level 4 in Unarmed Combat
  1032 | D:2      | Reached XP level 4. HP: 34/41 MP: 3/3
  1342 | D:3      | Found a faded altar of an unknown god.
  1451 | D:3      | Reached XP level 5. HP: 48/48 MP: 4/4
  2132 | D:4      | Reached skill level 5 in Unarmed Combat
  3009 | D:5      | Entered Level 5 of the Dungeon
  3069 | D:5      | Reached * piety under Okawaru
  3070 | D:5      | Reached XP level 6. HP: 53/55 MP: 5/5
  3129 | D:5      | Reached skill level 6 in Unarmed Combat
  3727 | D:6      | Reached XP level 7. HP: 62/62 MP: 6/6
  3737 | D:6      | Reached skill level 5 in Shapeshifting
  3743 | D:6      | Reached ** piety under Okawaru
  3744 | D:6      | Reached skill level 1 in Invocations
  3752 | D:6      | Reached skill level 7 in Unarmed Combat
  3904 | D:6      | Found a staircase to the Ecumenical Temple.
  4293 | D:7      | Noticed a two-headed ogre
  4333 | D:7      | Reached XP level 8. HP: 70/70 MP: 8/8
  4398 | D:7      | You fall into a shaft and drop 1 floor!
  4520 | D:8      | Reached skill level 8 in Unarmed Combat
  4633 | D:8      | Noticed Jeremiah
  4661 | D:8      | Killed from afar by an acid dragon

Illustrated notes

Levels and vault maps discovered:
D:1:      ldierk_walled_garden, layout_rooms, serial_shops,
          nicolae_shop_competitors_out_of_business
D:2:      cheibrodos_helix_gallery, layout_basic, basic_altar
D:3:      layout_basic, hellmonk_ecumenical_altar_blasted
D:4:      layout_loops_corners
D:5:      layout_loops_ring
D:6:      layout_loops_ring, minmay_temple_entry_ruins
D:7:      layout_cave_pools, kennysheep_little_box,
          chequers_temple_overflow_minitemple, serial_shops, shop
D:8:      layout_basic, mainiacjoe_overflow_cross_hatched,
          amcnicky_mini_pool_small, eino_tiny_chamber, uniq_jeremiah

Skill      XL: |  1  2  3  4  5  6  7  8 |
---------------+-------------------------+-----
Fighting       | 1 |  1.0
Dodging        | 2 |  2.0
Unarmed Combat | 4 5 6 7 8 |  8.3
Shapeshifting  | 4 5 |  5.8
Invocations    | 2 |  2.9

Action                     |  1- 3 |  4- 6 |  7- 9 || total
---------------------------+-------+-------+-------++-------
  Melee: Unarmed           |    84 |   139 |    98 ||   321
         Punch             |     1 |     2 |     3 ||     6
  Throw: Dart              |       |     2 |     2 ||     4
         Boomerang         |       |       |     1 ||     1
 Invoke: Heroism           |       |       |     1 ||     1
    Use: Potion            |     5 |       |     1 ||     6
         Scroll            |     3 |     3 |     2 ||     8
   Stab: Sleeping          |       |     1 |       ||     1
 Armour: Animal skin       |    58 |    62 |    44 ||   164
         Skin              |       |       |    12 ||    12
  Dodge: Dodged            |    53 |    60 |    35 ||   148

Table legend: (Time is in decaauts)
 A = Elapsed time spent in this place.
 B = Non-inter-level travel time spent in this place.
 C = Inter-level travel time spent in this place.
 D = Time resting spent in this place.
 E = Time spent auto-exploring this place.
 F = Levels seen in this place.
 G = Mean time per level.
                   A        B        C        D        E       F      G
               +--------+--------+--------+--------+--------+-----+--------+
         Total |   4626 |   4369 |    257 |    108 |   3586 |   8 |  578.2 |
       Dungeon |   4626 |   4369 |    257 |    108 |   3586 |   8 |  578.2 |
               +--------+--------+--------+--------+--------+-----+--------+

Top non-repeatable levels by time:
     D:4: 894 daAuts
     D:3: 798 daAuts
     D:2: 782 daAuts
     D:6: 740 daAuts
     D:5: 607 daAuts
     D:1: 519 daAuts
     D:8: 253 daAuts
     D:7: 29 daAuts
